 Dungeon Crawl Stone Soup version 0.30-a0-570-g486de37d69 (webtiles) character file.

Game seed: 848032615549846581

812 M4edhros the Insei (level 7, -3/47 HPs)
             Began as an Octopode Transmuter on Dec 29, 2022.
             Succumbed to Blork the orc's poison
             ... on level 5 of the Dungeon.
             The game lasted 00:04:25 (3665 turns).

M4edhros the Insei (Octopode Transmuter)            Turns: 3665, Time: 00:04:26

Health: -3/47      AC:  2    Str:  4 (7)  XL:     7   Next: 93%
Magic:  11/13      EV: 22    Int: 13 (15) God:
Gold:   183        SH:  0    Dex: 19 (20) Spells: 5/14 levels left

rFire   + . .      SeeInvis .      - Unarmed
rCold   + . .      Faith    .    (shield currently unavailable)
rNeg    . . .      Spirit   .    (helmet currently unavailable)
rPois   .          Reflect  .    (no amulet)
rElec   +          Harm     .    (no ring)
rCorr   +          Rampage  .    (no ring)
Will    .....                    (no ring)
Stlth   ++                       (no ring)
HPRegen 0.27/turn                (no ring)
MPRegen 0.13/turn                (no ring)
                                 (no ring)
                                 (no ring)

@: lethally poisoned (-3 -> -18), spider-form (expiring), resistant
A: venomous fangs, almost no armour, (amphibious), 8 rings, tiny, (camouflage
1), (gelatinous body 1), (nimble swimmer 1), (tentacles), deterioration 1, weak
1
a: End Transformation


You were on level 5 of the Dungeon.
You were a venomous arachnid creature.
You visited 1 branch of the dungeon, and saw 5 of its levels.
You also visited: Sewer.

You collected 183 gold pieces.

Inventory:

Missiles
 a - 6 curare-tipped darts
Jewellery
 e - a +6 ring of intelligence
 n - a ring of fire
Wands
 k - a wand of flame (17)
Scrolls
 c - a scroll of poison {unknown}
 d - a scroll of fear {unknown}
 f - 4 scrolls of identify {unknown}
 g - a scroll of summoning {unknown}
 i - a scroll of brand weapon {unknown}
 j - a scroll of fog {unknown}
 l - a scroll of amnesia {unknown}
 m - a scroll of teleportation {unknown}
 p - a scroll of noise {unknown}
 q - a scroll of immolation {unknown}
 r - a scroll of vulnerability {unknown}
 s - a scroll of magic mapping {unknown}
Potions
 b - 2 potions of brilliance


   Skills:
 + Level 3.7 Fighting
 + Level 4.1 Dodging
 + Level 4.7 Unarmed Combat
 + Level 4.0 Spellcasting
 + Level 4.0 Transmutations
 + Level 1.3 Ice Magic
 + Level 0.3 Poison Magic


You had 5 spell levels left.
You knew the following spells:

 Your Spells              Type           Power      Damage    Failure   Level
a - Beastly Appendage     Tmut           26%        N/A       12%         1
b - Spider Form           Tmut/Pois      8%         N/A       47%         3
c - Ice Form              Ice/Tmut       9%         N/A       77%         4
d - Apportation           Tloc           4%         N/A       41%         1

Your spell library contained the following spells:

 Spells                   Type           Power      Damage    Failure   Level
 Wereblood                Tmut           13%        N/A       17%         2
 Alistair's Intoxication  Tmut/Pois      5%         N/A       98%         5


Dungeon Overview and Level Annotations

Branches:
Dungeon (5/15)              Sewer (visited)
 Temple: D:4-7

Altars:

Annotations:
D:5 Blork the orc


Innate Abilities, Weirdness & Mutations

You are a venomous arachnid creature.
You have poisonous fangs.
You are tiny and dextrous.
Your spellcasting is less reliable in this form.
Your armour is entirely melded.
You are incapable of wielding weapons or throwing items.
You cannot wear most types of armour.
((You are amphibious.))
You can wear up to eight rings at the same time.
((Your skin changes colour to match your surroundings (Stealth+).))
((Your rubbery body absorbs attacks. (AC +1, EV +1)))
((You are camouflaged when in or above water. (Stealth+)))
((You have tentacles for arms and can constrict up to eight enemies at once.))
Your body sometimes deteriorates upon taking damage.
You are weak. (Str -2)


Message History

You are poisoned.
The scorpion stings you.
Your body deteriorates!
You feel weakened.
You barely miss Blork the orc.
Blork the orc is moderately wounded.
Your transformation is almost over.
You feel very sick.
Blork the orc points at you and mumbles some strange words.
The magic dart hits you! The scorpion completely misses you.
You barely miss Blork the orc.
Blork the orc is moderately wounded.
You feel very sick. The scorpion misses you.
Blork the orc hits you with a +0 short sword of venom.
You are lethally poisoned!
You are too injured to fight recklessly!
You are too injured to fight recklessly!
It was a potion of degeneration.
There was something very wrong with that liquid.
You feel weakened.
You feel dopey.
You feel clumsy.
* * * LOW HITPOINT WARNING * * *
You feel extremely sick. The scorpion completely misses you.
Blork the orc misses you.
It was a potion of resistance.
You feel protected.
* * * LOW HITPOINT WARNING * * *
You feel very sick. The scorpion misses you.
Blork the orc gestures wildly while chanting.
Blork the orc seems to speed up.
Okay, then.
You hit Blork the orc.
Blork the orc looks even sicker.
Blork the orc is moderately wounded.
* * * LOW HITPOINT WARNING * * *
You feel very sick. The scorpion misses you.
Blork the orc completely misses you.
You hit Blork the orc.
Blork the orc looks as sick as possible!
Blork the orc is heavily wounded.
You die...

##. #... #... ###
#... ...
####...##### ..
..........####.##:##
............so......
..........##s#..#..#
#.#...#.####.# ...#
#...#.# #.# .##
#...#.####.### .#
#.#...#.<....... .#
#.......####.### .
#......##.####.#
#.####.......#


You could see Blork the orc (fast, extremely poisoned) and a scorpion.

Vanquished Creatures
  Grinder (D:5)
  An ogre (D:4)
  2 kobold brigands (Sewer)
  A scorpion (D:5)
  2 hounds
  An iguana (D:4)
  2 orc wizards
  A hound skeleton (D:2)
  A gnoll (D:4)
  5 adders (D:3)
  4 river rats
  5 worms
  3 dart slugs
  11 orcs
  8 endoplasms
  6 giant cockroaches
  4 hobgoblins
  5 jackals
  9 kobolds
  2 quokkas
  9 ball pythons
  A ball python skeleton (D:2)
  4 bats
  4 frilled lizards
  2 goblins
  5 rats
99 creatures vanquished.

Vanquished Creatures (others)
  12 plants (Sewer)
  A withered plant (D:2)
13 creatures vanquished.

Grand Total: 112 creatures vanquished

Notes
Turn   | Place    | Note
-------+----------+-------------------------------------------
     0 | D:1      | M4edhros the Octopode Transmuter began the quest for the
                  | Orb.
     0 | D:1      | Reached XP level 1. HP: 13/13 MP: 3/3
   223 | D:1      | Reached XP level 2. HP: 13/18 MP: 5/5
   482 | D:2      | Reached XP level 3. HP: 23/23 MP: 6/6
   711 | D:3      | Reached XP level 4. HP: 29/29 MP: 7/7
  1077 | D:3      | Reached XP level 5. HP: 27/34 MP: 9/9
  1181 | D:3      | Found a glowing drain.
  1187 | Sewer    | Entered a sewer
  1583 | Sewer    | Noticed a kobold brigand
  1597 | Sewer    | Killed a kobold brigand
  1741 | Sewer    | Reached XP level 6. HP: 41/41 MP: 10/10
  2468 | D:4      | Reached XP level 7. HP: 22/46 MP: 10/12
  2934 | D:3      | Learned a level 3 spell: Spider Form
  2939 | D:3      | Learned a level 4 spell: Ice Form
  2941 | D:3      | Learned a level 1 spell: Apportation
  3101 | D:4      | Gained mutation: You are weak. (Str -2) [mutagenic glow]
  3111 | D:4      | Gained mutation: Your body sometimes deteriorates upon
                  | taking damage. [mutagenic glow]
  3572 | D:5      | Entered Level 5 of the Dungeon
  3572 | D:5      | Noticed Grinder
  3596 | D:5      | Killed Grinder
  3597 | D:5      | Reached skill level 1 in Ice Magic
  3651 | D:5      | Noticed Blork the orc
  3664 | D:5      | HP: 1/47 [poisoned by Blork the orc]
  3665 | D:5      | Succumbed to Blork the orc's poison

Illustrated notes

Levels and vault maps discovered:
D:1:      dpeg_arrival_ternary, layout_loops_ring
D:2:      layout_loops_cross, basic_altar, serial_undead, serial_undead_f,
          serial_undead_f, serial_undead_e, serial_undead_f,
          uniq_crazy_yiuf_cottage, uniq_robin, uniq_sigmund
D:3:      layout_loops_ring, lightli_sewer_entry_pipes, hex_large,
          minmay_fractal_squares_gapless_5
D:4:      layout_basic, makhleb_heckhound_becter, grunt_ministairs_11,
          kennysheep_donut, amethyst_killhole, minmay_fountain_box,
          minmay_divided_ellipse
D:5:      layout_loops_cross, nicolae_tso_carved_into_rock,
          minmay_temple_entry_statues_fountains, uniq_blork_the_orc,
          uniq_menkaure, uniq_grinder

Skill      XL: |  1  2  3  4  5  6  7 |
---------------+----------------------+-----
Fighting       | 2 3 |  3.7
Dodging        | 3 4 |  4.1
Spellcasting   | 3 4 |  4.0
Transmutations | 3 4 |  4.0
Unarmed Combat | 4 |  4.7
Ice Magic      | 1 |  1.3
Poison Magic   | |  0.3

Action                   |  1- 3 |  4- 6 |  7- 9 || total
-------------------------+-------+-------+-------++-------
Melee: Unarmed           |    86 |   158 |    65 ||   309
       Tentacles         |    14 |    46 |    11 ||    71
       Constrict         |    22 |    42 |     9 ||    73
       Punch             |     4 |     9 |     5 ||    18
 Cast: Spider Form       |       |       |     3 ||     3
  Use: Potion            |       |     5 |     2 ||     7
 Stab: Sleeping          |     6 |    14 |     1 ||    21
       Distracted        |       |       |     1 ||     1
Armor: Skin              |    12 |    11 |     1 ||    24
Dodge: Dodged            |    55 |    77 |    47 ||   179

Table legend: (Time is in decaauts)
 A = Elapsed time spent in this place.
 B = Non-inter-level travel time spent in this place.
 C = Inter-level travel time spent in this place.
 D = Time resting spent in this place.
 E = Time spent auto-exploring this place.
 F = Levels seen in this place.
 G = Mean time per level.
                   A        B        C        D        E       F      G
               +--------+--------+--------+--------+--------+-----+--------+
         Total |   3632 |   3570 |     62 |    136 |   2575 |   6 |  605.3 |
       Dungeon |   2898 |   2836 |     62 |     12 |   2199 |   5 |  579.6 |
         Sewer |    734 |    734 |      0 |    124 |    375 |   1 |  734.0 |
               +--------+--------+--------+--------+--------+-----+--------+

Top non-repeatable levels by time:
     D:3: 1132 daAuts
     D:4: 1118 daAuts
   Sewer: 734 daAuts
     D:1: 352 daAuts
     D:2: 204 daAuts
     D:5: 90 daAuts
